 Dungeon Crawl Stone Soup version 0.30.0-29-ga12c61a403 (webtiles) character file.

Game seed: 14828557559165595895

53 monsoonserge the Trooper (level 3, 0/42 HPs)
             Began as an Ogre Cinder Acolyte on June 10, 2023.
             Was a High Priest of Ignis.
             Succumbed to an adder's poison
             ... on level 2 of the Dungeon.
             The game lasted 00:03:44 (855 turns).

monsoonserge the Trooper (Ogre Cinder Acolyte)       Turns: 855, Time: 00:03:45

Health: 0/42       AC:  3    Str: 18    XL:     3   Next: 87%
Magic:  4/4        EV:  9    Int: 17    God:    Ignis [*****.]
Gold:   94         SH:  0    Dex:  4    Spells: 1/4 levels left

rFire   + . .        a - -1 mace (flame)
rCold   . . .        (no shield)
rNeg    . . .        b - +0 robe
rPois   .            (helmet restricted)
rElec   .            (no cloak)
rCorr   .            (gloves unavailable)
SInv    .            (boots unavailable)
Will    .....        (no amulet)
Stlth   +            (no ring)
HPRegen 0.27/turn    (no ring)
MPRegen 0.09/turn

%: no passive effects
@: brilliant, lethally poisoned (0 -> -1)
A: large, unfitting armour, tough skin 1
a: Renounce Religion, Fiery Armour, Foxfire Swarm, Rising Flame


You were on level 2 of the Dungeon.
You worshipped Ignis.
Ignis was extremely pleased with you.
You visited 1 branch of the dungeon, and saw 2 of its levels.

You collected 94 gold pieces.

Inventory:

Hand Weapons
 a - a -1 mace of flaming (weapon)
Missiles
 i - 6 curare-tipped darts (quivered)
Armour
 b - a +0 robe (worn)
Wands
 j - a wand of digging (3)
Scrolls
 c - 3 scrolls of enchant weapon {unknown}
 e - a scroll of immolation {unknown}
 f - 3 scrolls of identify {unknown}
 g - a scroll of teleportation {unknown}
 h - a scroll of enchant armour {unknown}
 k - a scroll of magic mapping {unknown}
Potions
 l - a potion of cancellation {unknown}


   Skills:
 + Level 5.0 Fighting
 + Level 3.1 Maces & Flails
 + Level 0.4 Dodging
 + Level 1.2 Spellcasting
 * Level 0.1 Transmutations
 + Level 3.1 Fire Magic


You had one spell level left.
You knew the following spells:

 Your Spells              Type           Power      Damage    Failure   Level
a - Scorch                Fire           34%        2d6       9%          2
b - Beastly Appendage     Tmut           4%         N/A       21%         1

Your spell library contained the following spells:

 Spells                   Type           Power      Damage    Failure   Level
 Wereblood                Tmut           2%         N/A       30%         2
 Spider Form              Tmut/Pois      2%         N/A       52%         3


Dungeon Overview and Level Annotations

Branches:
Dungeon (2/15)

Altars:


Innate Abilities, Weirdness & Mutations

You are too large for most types of armour.
You have tough skin. (AC +1)


Message History

Unknown command.
You barely miss the adder.
The adder is severely wounded.
You feel sick. The adder bites you. The rat bites you but does no damage.
The rat barely misses you. The adder bites you.
You are more poisoned.
The adder poisons you! The rat bites you. x2
You closely miss the adder.
The adder is severely wounded.
You feel very sick. The adder bites you but does no damage. The rat bites you.
* * * LOW HITPOINT WARNING * * *
The rat barely misses you. The adder barely misses you.
Unknown command.
You miss the adder.
The adder is severely wounded.
You feel sick. The adder bites you but does no damage. The rat bites you.
* * * LOW HITPOINT WARNING * * *
The rat bites you but does no damage.
Okay, then.
You sock the adder! You burn the adder.
You kill the adder!
You feel sick. The rat bites you but does no damage. The rat barely misses you.
Your Fighting skill increases to level 5!
You hit the rat but do no damage.
You feel sick. The rat bites you.
* * * LOW HITPOINT WARNING * * *
The rat closely misses you.
You are quite poisoned (6 -> 3).
Your movement speed is average.
Your attack delay is about 1.2.
Your damage rating with your -1 mace of flaming is about 10 (Base 8 x 120% (Str) x 114% (Skill) - 1 (Ench)).
You closely miss the rat.
You feel sick. The rat bites you.
* * * LOW HITPOINT WARNING * * *
The rat bites you.
* * * LOW HITPOINT WARNING * * *
The rat bites you.
* * * LOW HITPOINT WARNING * * *
The rat barely misses you.
It was a potion of brilliance.
You feel clever all of a sudden.
You die...

#..# #..# #######..#
#.......<# #.########
# #.#.....# #..
#.#.#<#.#
#....#r....#.#### #
..."..r@.......>####.#
.....#†..#.#..†......#
... #####.####.######
. #......# ######.#
#.# #.# #.# #.#


You could see 2 rats.

Vanquished Creatures
  2 adders (D:2)
  4 bats
  An endoplasm (D:1)
  2 giant cockroaches
  3 goblins
  3 hobgoblins
  2 quokkas (D:1)
  8 ball pythons
  A frilled lizard (D:1)
  6 kobolds
  2 rats (D:1)
34 creatures vanquished.

Notes
Turn   | Place    | Note
-------+----------+-------------------------------------------
     0 | D:1      | monsoonserge the Ogre Cinder Acolyte began the quest for
                  | the Orb.
     0 | D:1      | Reached XP level 1. HP: 24/24 MP: 2/2
    39 | D:1      | Reached XP level 2. HP: 16/32 MP: 3/3
    43 | D:1      | Learned a level 2 spell: Scorch
   482 | D:2      | Reached XP level 3. HP: 27/40 MP: 4/4
   484 | D:2      | Learned a level 1 spell: Beastly Appendage
   853 | D:2      | Reached skill level 5 in Fighting
   854 | D:2      | HP: 2/42 [rat (2)]
   855 | D:2      | Succumbed to an adder's poison

Illustrated notes

Levels and vault maps discovered:
D:1:      eino_arrival_water_cross, layout_rooms
D:2:      minmay_chambers_of_ones, layout_basic, minmay_small_reverse_x

Skill      XL: |  1  2  3 |
---------------+----------+-----
Fire Magic     | 3 |  3.1
Maces & Flails | 3 |  3.1
Fighting       | 5 |  5.0
Dodging        | |  0.4
Spellcasting   | |  1.2
Transmutations | |  0.1

Action                     || total
---------------------------++-------
  Melee: Mace              ||   100
         Punch             ||     1
         Kick              ||     1
   Cast: Beastly Appendage ||     2
         Scorch            ||     2
    Use: Potion            ||     1
 Armour: Robe              ||    47
  Dodge: Dodged            ||    66
